 Dungeon Crawl Stone Soup version 0.27-a0-1548-gf8a67e7463 (webtiles) character file.

Game seed: 10307810840487200308

7961 Spaninq the Unseen (level 11, -3/47 HPs)
             Began as a Spriggan Enchanter on July 12, 2021.
             Was an Elder of Dithmenos.
             Slain by a centaur warrior (9 damage)
             ... on level 10 of the Dungeon on July 13, 2021.
             The game lasted 01:03:06 (14976 turns).

Spaninq the Unseen (Spriggan Enchanter)            Turns: 14976, Time: 01:03:06

Health: -3/47      AC:  3    Str:  4    XL:     11   Next: 3%
Magic:  29/33      EV: 28    Int: 18    God:    Dithmenos [****..]
Gold:   581        SH:  0    Dex: 18    Spells: 15/26 levels left

rFire    . . .     SeeInvis +   d - +7 quick blade
rCold    . . .     Faith    .   (shield restricted)
rNeg     . . .     Spirit   .   b - +1 robe
rPois    .         Reflect  .   (helmet restricted)
rElec    .         Harm     .   h - scarf {repulsion}
rCorr    .         Rampage  .   (gloves unavailable)
Will     +....                  (boots unavailable)
Stlth    +++++++++.             (no amulet)
HPRegen  0.15/turn              G - ring of magical power
MPRegen  0.23/turn              F - +4 ring of evasion

@: wreathed by umbra, repel missiles, very quick
A: very small, no large weapons, unfitting armour, see invisible, speed 3
a: Renounce Religion, Shadow Step


You were on level 10 of the Dungeon.
You worshipped Dithmenos.
Dithmenos was greatly pleased with you.
You visited 2 branches of the dungeon, and saw 11 of its levels.
You also visited: Ossuary.

You collected 753 gold pieces.
You spent 172 gold pieces at shops.

Inventory:

Hand Weapons
 d - a +7 quick blade (weapon)
 n - a +3 dagger
Missiles
 w - 7 curare-tipped darts
Armour
 b - a +1 robe (worn)
 h - a scarf of repulsion (worn)
Jewellery
 e - a ring of flight
 s - a +4 ring of protection
 t - a ring of fire
 F - a +4 ring of evasion (right hand)
 G - a ring of magical power (left hand)
Wands
 j - a wand of iceblast (21)
 r - a wand of paralysis (5)
 A - a wand of acid (6)
 I - a wand of flame (22)
Scrolls
 c - 5 scrolls of teleportation
 g - 3 scrolls of magic mapping
 k - a scroll of identify
 o - 2 scrolls of holy word
 p - 2 scrolls of fog
 v - a scroll of enchant armour
 y - a scroll of amnesia
 z - 2 scrolls of blinking
 H - 2 scrolls of enchant weapon
Potions
 a - 4 potions of attraction
 f - a potion of magic
 i - a potion of invisibility
 l - 2 potions of flight
 m - 3 potions of resistance
 q - 4 potions of curing
 u - 2 potions of ambrosia {unknown}
 x - a potion of mutation {unknown}
 B - 2 potions of heal wounds {unknown}
 C - 2 potions of cancellation {unknown}
 D - 2 potions of might
 E - a potion of haste {unknown}


   Skills:
 + Level 8.0 Short Blades
 + Level 9.9 Dodging
 * Level 15.6 Stealth
 + Level 8.0 Spellcasting
 + Level 8.3 Hexes


You had 15 spell levels left.
You knew the following spells:

 Your Spells              Type           Power      Damage    Failure   Level
a - Tukima's Dance        Hex            37%        N/A       1%          3
b - Ensorcelled Hibernat  Hex/Ice        44%        N/A       2%          2
c - Confusing Touch       Hex            37%        N/A       1%          3
d - Dazzling Flash        Conj/Hex       44%        N/A       5%          3

Your spell library contained the following spells:

 Spells                   Type           Power      Damage    Failure   Level
 Corona                   Hex            41%        N/A       1%          1
 Summon Guardian Golem    Hex/Summ       22%        N/A       5%          3
 Animate Skeleton         Necr           14%        N/A       10%         1
 Pain                     Necr           28%        1d5       10%         1
 Sandblast                Erth           14%        2d6       10%         1
 Summon Small Mammal      Summ           28%        N/A       10%         1
 Passwall                 Tmut/Erth      5%         N/A       14%         2
 Call Canine Familiar     Summ           7%         N/A       28%         3
 Ozocubu's Armour         Ice            7%         N/A       28%         3
 Vampiric Draining        Necr           3%         2d6       28%         3
 Iskenderun's Mystic Bla  Conj/Tloc      7%         2d4       67%         4
 Lee's Rapid Deconstruct  Erth           3%         3d6*      95%         5
 Starburst                Conj/Fire      3%         8x6d3     100%        6
 Ozocubu's Refrigeration  Ice            3%         4d5       100%        7


Dungeon Overview and Level Annotations

Branches:
Dungeon (10/15)            Temple (1/1) D:4         Ossuary (visited)
   Lair: D:8-11         Orc: D:9-12

Altars:
Ashenzari
Cheibriados
Dithmenos
Elyvilon
Fedhas
Gozag
Hepliaklqana
Kikubaaqudgha
Makhleb
Nemelex Xobeh
Okawaru
Qazlal
Ru
Sif Muna
Trog
Uskayaw
Vehumet
Wu Jian
Xom
Yredelemnul
Zin
The Shining One

Shops:
D:10 ((*

Portals:
Trove: D:10 (give horn of Geryon)

Annotations:
D:2 1 runed translucent door, Crazy Yiuf


Innate Abilities, Weirdness & Mutations

You are very small and have problems with some larger weapons.
You are too small for most types of armour.
You have supernaturally acute eyesight. (SInv)
You cover ground extremely quickly. (Speed+++)


Message History

You start waiting.
You strike the helpless centaur warrior from behind!
You impale the centaur warrior!!
The centaur warrior is heavily wounded.
Cast which spell? (? or * to list)
Aiming: Ensorcelled Hibernation (safe; 2% risk of failure)
Press: ? - help, Shift-Dir - straight line, f - centaur warrior
Aim: a centaur warrior, quivering arrows (heavily wounded, umbra, chance to affect: 34%)
The centaur warrior easily resists.
The tengu conjurer shouts!
You hear an angry buzzing noise.
A vampire mosquito comes into view.
The centaur warrior hits you but does no damage.
The centaur warrior kicks you. The centaur warrior hits you.
The centaur warrior misses you.
You hit the centaur warrior.
The centaur warrior is heavily wounded.
The centaur warrior wields a +0 longbow.
The centaur warrior shoots an arrow.
The arrow hits you!!
You emit a cloud of dark smoke.
The centaur warrior unwields a +0 longbow.
The centaur warrior hits you. The centaur warrior closely misses you.
Casting: Ensorcelled Hibernation (safe; 2% risk of failure)
Confirm with . or Enter, or press ? or * to list all spells.
Your hands begin to glow red.
The centaur warrior hits you!
* * * LOW HITPOINT WARNING * * *
The centaur warrior misses you.
You barely miss the centaur warrior.
The centaur warrior is heavily wounded.
You hit the centaur warrior but do no damage.
The centaur warrior is heavily wounded.
The centaur warrior hits you.
* * * LOW HITPOINT WARNING * * *
The centaur warrior completely misses you.
You closely miss the centaur warrior.
The centaur warrior is heavily wounded.
You hit the centaur warrior but do no damage.
The centaur warrior appears confused.
The centaur warrior is heavily wounded.
The centaur warrior hits you!
You die... # #...##....# #####..# ..R # #......##.####....§§# OB.

## #########...##.##§.§# ...
.######.....#####.##§##8§§####†##
......#.+++.#..>....§§§§§§.......
..###.'.+∩+.#.####.§§§.§.§.....##
#.#####.'++.#.§§§#.§§§§§§........
#..# #.....#.§§§cy..§§§§......##
##.# ########.##@#(..§.........#
#.###...........#.Q..<........#
#..##.........#...............#
##.##.....##....#.#...#########
#.##.....##.####.##.##
#.##.....##.# #....#
#..#.....##.# ######
##.#.....##.# #.########.######


You could see a centaur warrior (confused) and a vampire mosquito.

Vanquished Creatures
  A two-headed ogre (D:9)
  2 trolls
  Prince Ribbit (D:8)
  A hornet (D:9)
  2 shadows (D:10)
  A wraith (D:7)
  8 yaks (D:9)
  2 wyverns (D:9)
  A basilisk (D:10)
  5 vampire mosquitoes
  An acid dragon (D:8)
  A water moccasin (D:6)
  3 orc warriors
  4 ice beasts
  2 necrophages
  A sky beast (D:8)
  5 centaurs
  2 phantoms
  3 kobold brigands
  3 bullfrogs
  3 scorpions
  2 gnoll sergeants (D:7)
  6 water moccasin zombies (Ossuary)
  A wyvern zombie (D:6)
  2 electric eels (D:9)
  A howler monkey (D:9)
  A bullfrog zombie (D:6)
  6 orc priests
  A centaur zombie (D:8)
  2 hounds
  3 jellies
  A bullfrog skeleton (D:7)
  A centaur skeleton (D:6)
  3 iguanas
  3 orc wizards
  3 mummies
  A hound skeleton (D:4)
  A howler monkey zombie (D:6)
  9 adders
  14 gnolls
  A howler monkey skeleton (D:7)
  2 white imps
  An ufetubus (D:5)
  6 adder zombies (Ossuary)
  2 worms (D:2)
  3 dart slugs
  18 orcs
  8 ball pythons
  5 bats
  7 endoplasms
  2 giant cockroaches
  10 goblins
  7 hobgoblins
  9 jackals
  17 kobolds
  4 quokkas
  5 frilled lizards
  3 gnoll zombies (Ossuary)
  9 hobgoblin zombies
  2 kobold zombies (Ossuary)
  7 orc zombies (Ossuary)
  6 rats
247 creatures vanquished.

Vanquished Creatures (others)
  2 kobolds (D:9)
2 creatures vanquished.

Grand Total: 249 creatures vanquished

Notes
Turn   | Place    | Note
-------+----------+-------------------------------------------
     0 | D:1      | Spaninq the Spriggan Enchanter began the quest for the Orb.
     0 | D:1      | Reached XP level 1. HP: 9/9 MP: 5/5
   438 | D:1      | Reached XP level 2. HP: 12/13 MP: 6/6
   441 | D:1      | Learned a level 2 spell: Ensorcelled Hibernation
   447 | D:1      | Reached skill level 5 in Stealth
   963 | D:1      | Found a faded altar of an unknown god.
  1520 | D:2      | Reached XP level 3. HP: 16/16 MP: 8/8
  1538 | D:2      | Found a runed translucent door.
  1539 | D:2      | Noticed Crazy Yiuf
  2083 | D:2      | Reached skill level 6 in Stealth
  2168 | D:2      | Reached XP level 4. HP: 21/21 MP: 9/9
  2365 | D:2      | Learned a level 3 spell: Confusing Touch
  3321 | D:2      | Reached skill level 7 in Stealth
  3752 | D:3      | Reached XP level 5. HP: 24/24 MP: 7/10
  4615 | D:4      | Noticed a phantom
  4672 | D:4      | Found a burning altar of Makhleb.
  4674 | D:4      | Noticed a necrophage
  4709 | D:4      | Killed a necrophage
  4710 | D:4      | Reached skill level 8 in Stealth
  4710 | D:4      | Reached XP level 6. HP: 28/28 MP: 11/11
  4839 | D:4      | Found an ornate altar of the Wu Jian Council.
  4878 | D:4      | Reached skill level 5 in Dodging
  4958 | D:4      | Found a staircase to the Ecumenical Temple.
  4974 | Temple   | Entered the Ecumenical Temple
  5106 | Temple   | Became a worshipper of Dithmenos the Shadowed
  5226 | D:4      | Reached skill level 9 in Stealth
  5317 | D:5      | Entered Level 5 of the Dungeon
  5884 | D:5      | Reached XP level 7. HP: 32/32 MP: 12/12
  6766 | D:5      | Found a snail-covered altar of Cheibriados.
  6766 | D:5      | Found a broken altar of Ashenzari.
  6945 | D:5      | Reached skill level 10 in Stealth
  7566 | D:6      | Reached XP level 8. HP: 36/36 MP: 14/14
  7691 | D:6      | Reached * piety under Dithmenos
  7884 | D:6      | Found a radiant altar of Vehumet.
  7949 | D:6      | Reached skill level 5 in Short Blades
  7949 | D:6      | Reached skill level 11 in Stealth
  8074 | D:6      | Found a shimmering altar of Xom.
  8074 | D:6      | Found a shimmering blue altar of Sif Muna.
  8146 | D:6      | Reached skill level 5 in Hexes
  8474 | D:7      | Found a sand-covered staircase.
  8495 | Ossuary  | Entered an ossuary
  9103 | Ossuary  | Reached skill level 5 in Spellcasting
  9103 | Ossuary  | Reached ** piety under Dithmenos
  9174 | Ossuary  | Reached skill level 12 in Stealth
  9490 | D:7      | Reached XP level 9. HP: 16/39 MP: 15/17
 10967 | D:8      | Noticed Prince Ribbit
 10974 | D:8      | Killed Prince Ribbit
 10975 | D:8      | Reached skill level 13 in Stealth
 11321 | D:8      | Identified a scroll of acquirement
 11321 | D:8      | Acquired a +7 quick blade
 12344 | D:9      | Reached XP level 10. HP: 44/44 MP: 5/20
 12531 | D:9      | Reached skill level 14 in Stealth
 12554 | D:9      | Reached *** piety under Dithmenos
 13501 | D:9      | Reached skill level 15 in Stealth
 13631 | D:9      | Noticed a two-headed ogre
 13637 | D:9      | Killed a two-headed ogre
 13784 | D:10     | Entered Level 10 of the Dungeon
 14068 | D:10     | Found Xogh's General Store.
 14070 | D:10     | Found Azuam's Antique Weapon Boutique.
 14070 | D:10     | Found Xuirafas's Weapon Shop.
 14081 | D:10     | Bought a scroll of enchant weapon for 112 gold pieces
 14081 | D:10     | Bought a potion of might for 60 gold pieces
 14265 | D:10     | Found an iron altar of Okawaru.
 14571 | D:10     | Found a portal to a secret trove of treasure.
 14646 | D:10     | Reached XP level 11. HP: 47/47 MP: 23/23
 14681 | D:10     | Noticed an ogre mage
 14681 | D:10     | Noticed a boulder beetle
 14682 | D:10     | Noticed a rakshasa
 14688 | D:10     | Noticed a centaur warrior
 14688 | D:10     | Noticed a skeletal warrior
 14688 | D:10     | Noticed a brown ugly thing
 14831 | D:10     | Noticed a fire dragon
 14840 | D:10     | Upgraded the game from 0.27-a0-1532-gca18f49f40 to
                  | 0.27-a0-1548-gf8a67e7463
 14844 | D:10     | Learned a level 3 spell: Tukima's Dance
 14850 | D:10     | Learned a level 3 spell: Dazzling Flash
 14855 | D:10     | Noticed an orc knight
 14856 | D:10     | Reached **** piety under Dithmenos
 14976 | D:10     | Slain by a centaur warrior

Illustrated notes

Levels and vault maps discovered:
D:1:      lightli_arrival_boilingwater, layout_loops_ring,
          shapermc_ecumenical_altar_venn, amethyst_killhole
D:2:      minmay_thinvault, layout_rooms, uniq_crazy_yiuf_cottage
D:3:      layout_loops_ring, chequers_arboretum
D:4:      layout_cave_pools, makhleb_blood_cavern_becter,
          nicolae_wu_jian_immortal_techniques, minmay_temple_entry_poolview
D:5:      layout_basic, cheibrodos_ashenzari_chains, cheibriados_altar_1,
          grunt_decor_resistance
D:6:      layout_loops_ring, marbit_many_paths,
          chequers_temple_overflow_statue_of_worship,
          corexii_item_surrounded_by_moat
D:7:      layout_loops_corners, nicolae_ossuary_entry_giza
D:8:      layout_cave_pods, uniq_prince_ribbit1
D:9:      layout_basic
D:10:     layout_basic, lemuel_tele_altar, enter_trove_6,
          statue_in_the_mist_lemuel, nicolae_wooded_promenade, minivault_28
Temple:   jpeg_temple_clearing

Skill      XL: |  1  2  3  4  5  6  7  8  9 10 11 |
---------------+----------------------------------+-----
Dodging        | 3 4 5 6 7 8 9 |  9.9
Stealth        | 5 6 7 8 9 10 12 13 15 | 15.6
Short Blades   | 2 3 4 5 6 7 8 |  8.0
Spellcasting   | 3 5 6 7 8 |  8.0
Hexes          | 4 5 7 8 |  8.3

Action                   |  1- 3 |  4- 6 |  7- 9 | 10-12 || total
-------------------------+-------+-------+-------+-------++-------
Melee: Dagger            |    69 |    95 |   283 |       ||   447
       Quick blade       |       |       |    40 |   105 ||   145
 Cast: Corona            |     1 |       |       |       ||     1
       Ensorcelled Hiber |    26 |    70 |    67 |    43 ||   206
       Confusing Touch   |       |     1 |    44 |    14 ||    59
  Use: Scroll            |       |       |    17 |     2 ||    19
 Stab: Sleeping          |    26 |    52 |    53 |    24 ||   155
       Distracted        |       |     2 |     5 |     5 ||    12
       Confused          |       |     1 |    41 |    12 ||    54
Armor: Robe              |     6 |     8 |     8 |     4 ||    26
Dodge: Dodged            |    27 |    53 |   185 |    63 ||   328

Table legend: (Time is in decaauts)
 A = Elapsed time spent in this place.
 B = Non-inter-level travel time spent in this place.
 C = Inter-level travel time spent in this place.
 D = Time resting spent in this place.
 E = Time spent auto-exploring this place.
 F = Levels seen in this place.
 G = Mean time per level.
                   A        B        C        D        E       F      G
               +--------+--------+--------+--------+--------+-----+--------+
         Total |  11491 |  11204 |    287 |   4069 |   4690 |  12 |  957.6 |
       Dungeon |  10718 |  10440 |    278 |   3625 |   4561 |  10 | 1071.8 |
        Temple |    119 |    111 |      8 |      0 |     98 |   1 |  119.0 |
       Ossuary |    652 |    652 |      0 |    444 |     30 |   1 |  652.0 |
               +--------+--------+--------+--------+--------+-----+--------+

Top non-repeatable levels by time:
     D:2: 1659 daAuts
     D:5: 1540 daAuts
     D:7: 1377 daAuts
     D:8: 1125 daAuts
     D:1: 1117 daAuts
     D:9: 1034 daAuts
    D:10: 824 daAuts
     D:4: 719 daAuts
     D:6: 716 daAuts
 Ossuary: 652 daAuts
     D:3: 603 daAuts
  Temple: 119 daAuts
